 Dungeon Crawl Stone Soup version 0.27-a0-1287-gca74d27db6 (webtiles) character file.

Game seed: 13413220957615481146

54 pokeman the Magician (level 3, -5/20 HPs)
             Began as a Deep Elf Hedge Wizard on June 14, 2021.
             Slain by Crazy Yiuf (12 damage)
             ... on level 2 of the Dungeon.
             The game lasted 00:04:17 (2167 turns).

pokeman the Magician (Deep Elf Hedge Wizard)        Turns: 2167, Time: 00:04:17

Health: -5/20      AC:  4    Str:  7    XL:     3   Next: 66%
Magic:  6/11       EV: 12    Int: 19    God:
Gold:   37         SH:  0    Dex: 14    Spells: 1/12 levels left

rFire    . . .     SeeInvis .   a - +0 dagger
rCold    . . .     Faith    .   (no shield)
rNeg     . . .     Spirit   .   k - +0 leather armour
rPois    .         Reflect  .   c - +0 hat
rElec    .         Harm     .   (no cloak)
rCorr    .         Rampage  .   (no gloves)
Will     .....                  i - +0 pair of boots
Stlth    ++........             (no amulet)
HPRegen  0.06/turn              (no ring)
MPRegen  0.12/turn              (no ring)

@: very slightly contaminated
A: no striking features
a: no special abilities


You were on level 2 of the Dungeon.
You visited 1 branch of the dungeon, and saw 2 of its levels.

You collected 37 gold pieces.

Inventory:

Hand Weapons
 a - a +0 dagger (weapon)
Missiles
 h - 16 bolts
 o - 2 curare-tipped darts
Armour
 c - a +0 hat (worn)
 i - a +0 pair of boots (worn)
 k - a +0 leather armour (worn)
 n - a +0 buckler
Scrolls
 e - 2 scrolls of identify {unknown}
 g - 2 scrolls of immolation {unknown}
 j - a scroll of silence {unknown}
 m - a scroll of amnesia {unknown}
 q - a scroll of holy word {unknown}
Potions
 b - a potion of curing {unknown}
 d - a potion of berserk rage {unknown}
 f - a potion of brilliance {unknown}
 l - a potion of attraction {unknown}
 p - a potion of mutation {unknown}


   Skills:
 + Level 0.9 Fighting
 - Level 1.0 Armour
 + Level 2.5 Dodging
 - Level 2.4 Stealth
 * Level 5.3 Spellcasting
 + Level 2.0 Conjurations
 - Level 1.1 Summonings
 - Level 1.1 Translocations


You had one spell level left.
You knew the following spells:

 Your Spells              Type           Power      Damage    Failure   Level
a - Magic Dart            Conj           48%        1d5       8%          1
b - Mephitic Cloud        Conj/Pois/Air  7%         N/A       36%         3
c - Call Imp              Summ           9%         N/A       17%         2
d - Blink                 Tloc           N/A        N/A       17%         2
e - Conjure Flame         Conj/Fire      8%         6-21      34%         3

Your spell library contained the following spells:

 Spells                   Type           Power      Damage    Failure   Level
 Slow                     Hex            5%         N/A       26%         2


Dungeon Overview and Level Annotations

Branches:
Dungeon (2/15)

Altars:

Shops:
D:1 *   D:2 (

Annotations:
D:2 Crazy Yiuf


Message History

Press: ? - help, Shift-Dir - straight line, f/p - bat
Aim: a bat (severely wounded, 100% to hit)
The magic dart hits the bat.
You kill the bat!
Casting: Magic Dart (safe; 8% risk of failure)
Confirm with . or Enter, or press ? or * to list all spells.
You can't see any susceptible monsters within range! (Use Z to cast anyway.) Unknown command.
Casting: Magic Dart (safe; 8% risk of failure)
Confirm with . or Enter, or press ? or * to list all spells.
You can't see any susceptible monsters within range! (Use Z to cast anyway.) Unknown command.
q - a scroll labelled YNUNOV NECSOTS
Found an escape hatch in the ceiling.
Found a leather armour.
Found a mace.
Found a runed translucent door.
Crazy Yiuf shouts!
You open the door.
Crazy Yiuf says, "You!
Cod tired testudinal."
Casting: Magic Dart (safe; 8% risk of failure)
Confirm with . or Enter, or press ? or * to list all spells.
The spell is potentially lethal to cast (36% risk of failure)!
Continue anyway?
Aiming: Mephitic Cloud (potentially lethal; 36% risk of failure)
Press: ? - help, Shift-Dir - straight line, f - Crazy Yiuf
Aim: Crazy Yiuf, wielding a +2 quarterstaff of chaos and wearing a +0 cloak (chance to affect: 86%) That beam is likely to hit you.
Continue anyway?
You miscast Mephitic Cloud.
You are very lightly contaminated with residual magic.
Nothing appears to happen.
Crazy Yiuf hits you with a +2 quarterstaff of chaos!
Ouch! That really hurt!
* * * LOW HITPOINT WARNING * * *
Crazy Yiuf says, "Action pontify sizzlefizz!"
Crazy Yiuf says, "Shadow koolooloo bag!"
Casting: Mephitic Cloud (potentially lethal; 36% risk of failure)
Confirm with . or Enter, or press ? or * to list all spells.
You miscast Call Imp.
Nothing appears to happen.
Crazy Yiuf hits you with a +2 quarterstaff of chaos!
Ouch! That really hurt!
You die...

## #. ##.# .. #.
#.# .. ## #.# #.#
#.## ### ####..#
#)..### ##..#..#
#...'.####......#
#...##g@#..P...##
### ###.#.P.###
####### ### #.#
#.#### ###
#.##.## ##.##
##.#...####...##


You could see Crazy Yiuf.

Vanquished Creatures
  A gnoll (D:1)
  An adder (D:2)
  A worm (D:2)
  2 dart slugs (D:2)
  3 ball pythons
  4 endoplasms (D:1)
  2 goblins
  3 hobgoblins
  2 jackals
  A quokka (D:1)
  3 bats
  A frilled lizard (D:1)
  2 kobolds (D:1)
  4 rats
30 creatures vanquished.

Notes
Turn   | Place    | Note
-------+----------+-------------------------------------------
     0 | D:1      | pokeman the Deep Elf Hedge Wizard began the quest for the
                  | Orb.
     0 | D:1      | Reached XP level 1. HP: 10/10 MP: 7/7
   139 | D:1      | Found Esuisule's Assorted Antiques.
   397 | D:1      | Reached XP level 2. HP: 16/16 MP: 3/9
   870 | D:1      | Reached skill level 5 in Spellcasting
  1121 | D:2      | Reached XP level 3. HP: 20/20 MP: 9/11
  1125 | D:2      | Learned a level 3 spell: Mephitic Cloud
  1128 | D:2      | Learned a level 2 spell: Call Imp
  1131 | D:2      | Learned a level 2 spell: Blink
  1135 | D:2      | Learned a level 3 spell: Conjure Flame
  1162 | D:2      | Found Fiexir's Weapon Shoppe.
  1526 | D:2      | Reached skill level 1 in Armour
  2159 | D:2      | Found a runed translucent door.
  2160 | D:2      | Noticed Crazy Yiuf
  2167 | D:2      | Slain by Crazy Yiuf

Illustrated notes

Levels and vault maps discovered:
D:1:      lightli_iron_boxes, layout_basic, serial_shops, shop
D:2:      minmay_recursive_quarters, layout_loops_corners, serial_shops, shop,
          shop, uniq_crazy_yiuf_cottage

Skill      XL: |  1  2  3 |
---------------+----------+-----
Spellcasting   | 5 |  5.3
Armour         | 1 |  1.0
Conjurations   | 2 |  2.0
Fighting       | |  0.9
Dodging        | |  2.5
Stealth        | |  2.4
Summonings     | |  1.1
Translocations | |  1.1

Action                   || total
-------------------------++-------
Melee: Dagger            ||     7
 Cast: Magic Dart        ||    89
Armor: Robe              ||     1
       Leather armour    ||     7
Dodge: Dodged            ||    17

Table legend: (Time is in decaauts)
 A = Elapsed time spent in this place.
 B = Non-inter-level travel time spent in this place.
 C = Inter-level travel time spent in this place.
 D = Time resting spent in this place.
 E = Time spent auto-exploring this place.
 F = Levels seen in this place.
 G = Mean time per level.
                   A        B        C        D        E       F      G
               +--------+--------+--------+--------+--------+-----+--------+
         Total |   2167 |   2140 |     27 |    140 |   1756 |   2 | 1083.5 |
       Dungeon |   2167 |   2140 |     27 |    140 |   1756 |   2 | 1083.5 |
               +--------+--------+--------+--------+--------+-----+--------+

Top non-repeatable levels by time:
     D:1: 1198 daAuts
     D:2: 969 daAuts
